 Dungeon Crawl Stone Soup version 0.29.0-11-gd7f09526c8 (webtiles) character file.

Game seed: 5117174084117420446

132 Spectrina the Trooper (level 5, -1/46 HPs)
             Began as a Merfolk Monk on Sept 4, 2022.
             Slain by an orc
             ... wielding a +0 flail
              (10 damage)
             ... on level 3 of the Dungeon.
             The game lasted 00:06:08 (644 turns).

Spectrina the Trooper (Merfolk Monk)                 Turns: 644, Time: 00:06:08

Health: -1/46      AC:  2    Str: 11 (12) XL:     5   Next: 15%
Magic:  5/5        EV: 13    Int:  8 (11) God:
Gold:   94         SH:  0    Dex: 13 (16) Spells: 4/4 levels left

rFire   . . .      SeeInvis .   k - +0 trident
rCold   . . .      Faith    .   (no shield)
rNeg    . . .      Spirit   .   b - +0 robe
rPois   .          Reflect  .   (no helmet)
rElec   .          Harm     .   (no cloak)
rCorr   .          Rampage  .   (no gloves)
Will    .....      Clarity  +   (no boots)
Stlth   ++........              (no amulet)
HPRegen 0.15/turn               f - +4 ring of slaying
MPRegen 0.09/turn               (no ring)

@: flying
A: (nimble swimmer 2), mertail, clarity, high MP 1, sense surroundings 2
a: no special abilities


You were on level 3 of the Dungeon.
You visited 1 branch of the dungeon, and saw 4 of its levels.

You collected 94 gold pieces.

Inventory:

Hand Weapons
 a - a +0 spear
 c - a +0 sling
 k - a +0 trident (weapon)
 o - a +0 arbalest
Armour
 b - a +0 robe (worn)
Jewellery
 f - a +4 ring of slaying (left hand)
Scrolls
 e - a scroll of amnesia {unknown}
 g - a scroll of immolation {unknown}
 i - a scroll of identify {unknown}
 j - 2 scrolls of poison {unknown}
 l - a scroll of teleportation {unknown}
 m - a scroll of butterflies {unknown}
Potions
 h - 2 potions of mutation


   Skills:
 + Level 6.2 Fighting
 - Level 4.0 Polearms
 - Level 4.0 Dodging
 - Level 2.1 Stealth


You had 4 spell levels left.
You didn't know any spells.
Your spell library was empty.

Dungeon Overview and Level Annotations

Branches:
Dungeon (4/15)
 Temple: D:4-7

Altars:
Gozag

Shops:
D:1 :*


Innate Abilities, Weirdness & Mutations

((You are very nimble when in or above water. (Stealth+, EV+, Speed+++)))
Your lower body shifts to a powerful aquatic tail in water.
You possess an exceptional clarity of mind.
You have an increased reservoir of magic. (+10% MP)
You passively map the area around you.


Message History

Unknown command.
It was a potion of flight.
You feel very buoyant.
You fly up into the air.
You feel sick. The adder barely misses you.
It was a potion of degeneration.
There was something very wrong with that liquid.
You feel weakened.
You feel dopey.
You feel clumsy.
You feel sick. The adder bites you but does no damage.
You hit the adder.
The adder is severely wounded.
You feel sick. The adder closely misses you. x2
You barely miss the adder.
The adder is severely wounded.
You feel sick.
You are no longer poisoned.
The adder barely misses you.
You puncture the adder!
You kill the adder!
An orc comes into view. It is wielding a +0 war axe.
The orc shouts!
You hear a shout! x3
An orc comes into view. It is wielding a +0 flail.
You hear a shout!
Reach: k) +0 trident
Press: ? - help, Dir - move target, f - orc
Aim: an orc, wielding a +0 war axe and wearing a +0 chain mail (about 28% to evade your +0 trident)
You reach to attack!
You closely miss the orc.
Unknown command.
You hit the orc but do no damage. The orc closely misses you.
You barely miss the orc. The orc misses you. The worm misses you.
You barely miss the orc. The orc barely misses you.
You closely miss the orc. The orc misses you. The worm closely misses you.
You closely miss the orc. The worm closely misses you.
You barely miss the orc. The orc completely misses you.
Okay, then.
You closely miss the orc. The worm closely misses you.
The orc barely misses you.
You hit the orc.
The orc is heavily wounded.
The worm misses you. The orc hits you with a +0 flail!
You die...

#....## , , ,#.....*
, * *, #.##..)#* * *
#......### ** , *
##..?....# ,*
#.##.##†#* **, , * #
#. #.# ,, ,#. * , ..
#w# * #.* .# ... #@#
#. .### ,.#<*#o# #.#
.#.< ....,.o#
######.###.#.# * , ,
* .... #>.........#.#
* , ,*
*.###.##.#.......##..
,,,..*
*....#....)..#..> , ,
## * ###......)..#...
#.# #.........#..# ##
* #.# #........)....


You could see a worm and 2 orcs.

Vanquished Creatures
  A howler monkey (D:3)
  4 adders
  3 dart slugs
  3 orcs (D:2)
  2 bats
  3 endoplasms
  A giant cockroach (D:1)
  6 goblins
  3 hobgoblins
  2 jackals (D:2)
  4 quokkas
  3 ball pythons
  3 frilled lizards
  4 kobolds
  4 rats
46 creatures vanquished.

Notes
Turn   | Place    | Note
-------+----------+-------------------------------------------
     0 | D:1      | Spectrina the Merfolk Monk began the quest for the Orb.
     0 | D:1      | Reached XP level 1. HP: 18/18 MP: 1/1
    42 | D:1      | You fall into a shaft and drop 1 floor!
    44 | D:2      | Found an opulent altar of Gozag.
    78 | D:2      | Reached XP level 2. HP: 25/25 MP: 2/2
   104 | D:2      | Reached skill level 4 in Fighting
   143 | D:1      | Found Jyforif's Book Shoppe.
   147 | D:1      | Reached XP level 3. HP: 30/31 MP: 3/3
   167 | D:1      | Found Jediyc's Assorted Antiques.
   339 | D:2      | Reached skill level 5 in Fighting
   459 | D:3      | Reached XP level 4. HP: 13/39 MP: 4/4
   587 | D:4      | Reached skill level 6 in Fighting
   587 | D:4      | Reached XP level 5. HP: 24/46 MP: 5/5
   628 | D:3      | Gained mutation: You passively map a small area around you.
                  | [potion of mutation]
   628 | D:3      | Gained mutation: You passively map the area around you.
                  | [potion of mutation]
   628 | D:3      | Gained mutation: You possess an exceptional clarity of
                  | mind. [potion of mutation]
   628 | D:3      | Gained mutation: You have an increased reservoir of magic.
                  | (+10% MP) [potion of mutation]
   644 | D:3      | Slain by an orc

Illustrated notes

Levels and vault maps discovered:
D:1:      amcnicky_arrival_feature_with_door, layout_rooms,
          basic_ecumenical_altar, serial_shops, nicolae_diamond_shop, shop
D:2:      wander_river, layout_basic, basic_altar, guppyfry_early_orc_mine
D:3:      layout_loops_cross, mainiacjoe_overflow_tiny_flanked, uniq_sigmund
D:4:      layout_loops_ring, nicolae_ru_path_of_blood, uniq_menkaure

Skill      XL: |  1  2  3  4 |
---------------+-------------+-----
Fighting       | 4 5 6 |  6.2
Polearms       | |  4.0
Dodging        | |  4.0
Stealth        | |  2.1

Action                   |  1- 3 |  4- 6 || total
-------------------------+-------+-------++-------
Melee: Spear             |    61 |       ||    61
       Tailslap          |     2 |       ||     2
       Trident           |    59 |    43 ||   102
       Punch             |       |     1 ||     1
 Fire: Arbalest          |       |     1 ||     1
  Use: Potion            |     2 |     3 ||     5
 Stab: Sleeping          |     5 |     2 ||     7
       Invisible         |       |     2 ||     2
       Distracted        |       |     1 ||     1
Armor: Robe              |    11 |     2 ||    13
Dodge: Dodged            |    60 |    30 ||    90
